BSA
PORTLAND PHILOSPHER KINGS @ CHICAGO MACHINE
05/15/2024
 
TOP OF THE 1ST
Portland Philospher Kings batting - Pitching for Chicago Machine : LHP Abdul-Qadir bin Nasser
Pitching: LHP Abdul-Qadir bin Nasser
Batting: RHB Dani Vázquez 0-0: Ground out 2-3 (Groundball, 23)
Batting: RHB Paco Arellano 0-0: Called Strike
0-1: Ball
1-1: Ground out 4-3 (Groundball, 4M)
Batting: LHB Jeff Daniels 0-0: Swinging Strike
0-1: Fly out, F8 (Flyball, 8RXD)
Top of the 1st over - 0 run(s), 0 hit(s), 0 error(s), 0 left on base; Portland 0 - Chicago 0
BOTTOM OF THE 1ST
Chicago Machine batting - Pitching for Portland Philospher Kings : RHP Yajirobei Endo
Pitching: RHP Yajirobei Endo
Batting: LHB Francisco Vega 0-0: Fly out, F1 (Line Drive, 15)
Batting: SHB Joaquín López 0-0: DOUBLE (Line Drive, 78M)
Batting: LHB Eric Wheeler 0-0: Called Strike
Joaquín López steals 3rd base
0-1: Foul Ball, location: 2F
0-2: SINGLE (Groundball, 6M)
Joaquín López scores
Batting: LHB Luis Espinoza 0-0: Ball
1-0: Foul Ball, location: 2F
1-1: Ball
2-1: Foul Ball, location: 2F
2-2: SINGLE (Groundball, 4MD) (infield hit)
Eric Wheeler to second
Batting: LHB Bob Smith 0-0: Foul Ball, location: 2F
0-1: Fly out, F8 (Flyball, 8LXD)
Runner from 2nd tags up, SAFE at 3rd, no throw
Batting: LHB Marcos Vargas 0-0: Ball
1-0: Ball
2-0: Called Strike
2-1: Ground out 4-3 (Groundball, 4)
Bottom of the 1st over - 1 run(s), 3 hit(s), 0 error(s), 2 left on base; Portland 0 - Chicago 1
TOP OF THE 2ND
Portland Philospher Kings batting - Pitching for Chicago Machine : LHP Abdul-Qadir bin Nasser
Batting: SHB José Alomar 0-0: Ball
1-0: Fly out, F8 (Flyball, 8LD)
Batting: RHB Elpidio Martinho 0-0: Ball
1-0: Ground out 3-1 (Groundball, 34S)
Batting: LHB Tom Blake 0-0: Ball
1-0: Foul Ball, location: 2F
1-1: Called Strike
1-2: SINGLE (Line Drive, 89S)
Batting: RHB Germán Rosales 0-0: Ball
1-0: Called Strike
1-1: Ball
2-1: Fly out, F3 (Popup, 3DF)
Top of the 2nd over - 0 run(s), 1 hit(s), 0 error(s), 1 left on base; Portland 0 - Chicago 1
BOTTOM OF THE 2ND
Chicago Machine batting - Pitching for Portland Philospher Kings : RHP Yajirobei Endo
Batting: RHB Roberto Cardona 0-0: Ball
1-0: Ball
2-0: Called Strike
2-1: Ball
3-1: Foul Ball, location: 2F
3-2: SINGLE (Flyball, 8RS)
Batting: RHB Fabrice Brodeur 0-0: Called Strike
0-1: Swinging Strike
0-2: Strikes out swinging
Batting: RHB Rick Ayliffe 0-0: Swinging Strike
0-1: Foul Ball, location: 2F
0-2: Ball
1-2: Foul Ball, location: 2F
1-2: Foul Ball, location: 2F
1-2: Foul Ball, location: 2F
1-2: Ball
2-2: Ball
3-2: Foul Ball, location: 2F
3-2: Strikes out looking
Roberto Cardona steals 2nd base
Batter strikes out.
Batting: LHB Francisco Vega 0-0: Ground out 6-3 (Groundball, 6M)
Bottom of the 2nd over - 0 run(s), 1 hit(s), 0 error(s), 1 left on base; Portland 0 - Chicago 1
TOP OF THE 3RD
Portland Philospher Kings batting - Pitching for Chicago Machine : LHP Abdul-Qadir bin Nasser
Batting: LHB Keith Beard 0-0: Called Strike
0-1: Ball
1-1: Foul Ball, location: 2F
1-2: Foul Ball, location: 2F
1-2: Foul Ball, location: 2F
1-2: Foul Ball, location: 2F
1-2: Ground out 4-3 (Groundball, 4)
Batting: LHB Bill Bertrand 0-0: Ball
1-0: SOLO HOME RUN (Flyball, 9LD), Distance : 367 ft
Batting: RHB Dani Vázquez 0-0: Swinging Strike
0-1: SINGLE (Line Drive, 4D)
Batting: RHB Paco Arellano 0-0: Ball
1-0: Ground out 5-3 (Groundball, 5S)
Dani Vázquez to second
Batting: LHB Jeff Daniels 0-0: Foul Ball, location: 2F
0-1: Ball
1-1: SINGLE (Groundball, 6M)
Dani Vázquez to third
Runner from 3rd tries for Home, SAFE, no throw or cutoff
Batting: SHB José Alomar 0-0: Ball
1-0: Fly out, F9 (Flyball, 89D)
Top of the 3rd over - 2 run(s), 3 hit(s), 0 error(s), 1 left on base; Portland 2 - Chicago 1
BOTTOM OF THE 3RD
Chicago Machine batting - Pitching for Portland Philospher Kings : RHP Yajirobei Endo
Batting: SHB Joaquín López 0-0: Ball
1-0: Called Strike
1-1: Ball
2-1: SINGLE (Groundball, 4MD)
Batting: LHB Eric Wheeler 0-0: Ball
1-0: Grounds into double play, 1-6-3 (Groundball, 15)
Batting: LHB Luis Espinoza 0-0: Called Strike
0-1: Ball
1-1: Swinging Strike
1-2: Strikes out swinging
Bottom of the 3rd over - 0 run(s), 1 hit(s), 0 error(s), 0 left on base; Portland 2 - Chicago 1
TOP OF THE 4TH
Portland Philospher Kings batting - Pitching for Chicago Machine : LHP Abdul-Qadir bin Nasser
Batting: RHB Elpidio Martinho 0-0: Ball
1-0: Ball
2-0: Called Strike
2-1: Ball
3-1: Ground out 4-3 (Groundball, 4)
Batting: LHB Tom Blake 0-0: Ground out 4-3 (Groundball, 4)
Batting: RHB Germán Rosales 0-0: Ball
1-0: Ball
2-0: Ground out 5-3 (Groundball, 5S)
Top of the 4th over - 0 run(s), 0 hit(s), 0 error(s), 0 left on base; Portland 2 - Chicago 1
BOTTOM OF THE 4TH
Chicago Machine batting - Pitching for Portland Philospher Kings : RHP Yajirobei Endo
Batting: LHB Bob Smith 0-0: Called Strike
0-1: Foul Ball, location: 2F
0-2: Ball
1-2: Ground out U3 (Groundball, 3S)
Batting: LHB Marcos Vargas 0-0: Ball
1-0: Called Strike
1-1: Foul Ball, location: 2F
1-2: Ball
2-2: Foul Ball, location: 2F
2-2: Foul Ball, location: 2F
2-2: Ball
3-2: Foul Ball, location: 2F
3-2: Foul Ball, location: 2F
3-2: Base on Balls
Batting: RHB Roberto Cardona 0-0: Ball
1-0: Ball
2-0: Called Strike
2-1: Ball
3-1: Ground out 6-3 (Groundball, 6S)
Marcos Vargas to second
Batting: RHB Fabrice Brodeur 0-0: Called Strike
0-1: Swinging Strike
0-2: Ground out 1-3 (Groundball, 13S)
Bottom of the 4th over - 0 run(s), 0 hit(s), 0 error(s), 1 left on base; Portland 2 - Chicago 1
TOP OF THE 5TH
Portland Philospher Kings batting - Pitching for Chicago Machine : LHP Abdul-Qadir bin Nasser
Batting: LHB Keith Beard 0-0: SINGLE (Flyball, 8LS)
Batting: LHB Bill Bertrand 0-0: Ball
1-0: Swinging Strike
1-1: Swinging Strike
1-2: Ball
2-2: Ground out 4-3 (Groundball, 4M)
Keith Beard to second
Batting: RHB Dani Vázquez 0-0: Called Strike
0-1: Swinging Strike
0-2: Ball
1-2: Foul Ball, location: 2F
1-2: Ground out 1-3 (Groundball, 15)
Batting: RHB Paco Arellano 0-0: Ball
1-0: Ball
2-0: Ground out 5-3 (Groundball, 56)
Top of the 5th over - 0 run(s), 1 hit(s), 0 error(s), 1 left on base; Portland 2 - Chicago 1
BOTTOM OF THE 5TH
Chicago Machine batting - Pitching for Portland Philospher Kings : RHP Yajirobei Endo
Batting: RHB Rick Ayliffe 0-0: Called Strike
0-1: DOUBLE (Groundball, 5L)
Batting: LHB Francisco Vega 0-0: Ball
1-0: SINGLE (Line Drive, 7LS)
Rick Ayliffe to third
Batting: SHB Joaquín López 0-0: Called Strike
0-1: Ball
1-1: Called Strike
1-2: Ball
2-2: Fly out, F7 (Flyball, 7M)
Runner from 3rd tags up, SCORES, throw made
Batting: LHB Eric Wheeler 0-0: Ball
1-0: Called Strike
1-1: SINGLE (Groundball, 34D)
Francisco Vega to second
Runner from 2nd tries for 3rd, SAFE, no throw or cutoff
Batting: LHB Luis Espinoza 0-0: Fielders Choice at 2nd, 1-6 (Groundball, 25)
Batting: LHB Bob Smith 0-0: Ball
Luis Espinoza steals 2nd base
1-0: Ball
2-0: Called Strike
2-1: Ball
3-1: Base on Balls
Batting: LHB Marcos Vargas 0-0: Ball
1-0: Foul Ball, location: 2F
1-1: DOUBLE (Line Drive, 3D)
Francisco Vega scores
Luis Espinoza scores
Bob Smith to third
Batting: RHB Roberto Cardona 0-0: Ball
1-0: Called Strike
1-1: Ground out 5-3 (Groundball, 56)
Bottom of the 5th over - 3 run(s), 4 hit(s), 0 error(s), 2 left on base; Portland 2 - Chicago 4
TOP OF THE 6TH
Portland Philospher Kings batting - Pitching for Chicago Machine : LHP Abdul-Qadir bin Nasser
Batting: LHB Jeff Daniels 0-0: Foul Ball, location: 2F
0-1: Foul Ball, location: 2F
0-2: Ball
1-2: SINGLE (Flyball, 8RS)
Batting: SHB José Alomar 0-0: Ball
1-0: Foul Ball, location: 2F
1-1: 2-RUN HOME RUN (Flyball, 7D), Distance : 406 ft
Batting: RHB Elpidio Martinho 0-0: Called Strike
0-1: Ball
1-1: Foul Ball, location: 2F
1-2: SINGLE (Groundball, 5D)
Batting: LHB Tom Blake 0-0: Called Strike
0-1: Ball
1-1: Called Strike
1-2: Strikes out looking
Batting: RHB Germán Rosales 0-0: Ball
Elpidio Martinho steals 2nd base
1-0: Intentional Walk
Batting: LHB Keith Beard 0-0: SINGLE (Groundball, 34)
Elpidio Martinho to third
Germán Rosales to second
Runner from 3rd tries for Home, SAFE, no throw or cutoff
Batting: LHB Bill Bertrand 0-0: SINGLE (Flyball, 9LS)
Germán Rosales to third
Keith Beard to second
Batting: RHB Dani Vázquez 0-0: Foul Ball, location: 2F
0-1: Foul Ball, location: 2F
0-2: Foul Ball, location: 2F
0-2: Ball
1-2: Ball
2-2: Grounds into double play, U4-3 (Groundball, 4)
Top of the 6th over - 3 run(s), 5 hit(s), 0 error(s), 2 left on base; Portland 5 - Chicago 4
BOTTOM OF THE 6TH
Chicago Machine batting - Pitching for Portland Philospher Kings : RHP Yajirobei Endo
Pitching: LHP Edgardo Guzmán
Batting: RHB Fabrice Brodeur 0-0: Foul Ball, location: 2F
0-1: Ball
1-1: Fly out, F8 (Line Drive, 8LD)
Batting: RHB Rick Ayliffe 0-0: DOUBLE (Groundball, 3D)
Batting: LHB Francisco Vega 0-0: Foul Ball, location: 2F
0-1: Fly out, F4 (Line Drive, 4)
Batting: SHB Joaquín López 0-0: Called Strike
0-1: Ball
1-1: Ball
2-1: Foul Ball, location: 2F
2-2: Ground out 6-3 (Groundball, 6M)
Bottom of the 6th over - 0 run(s), 1 hit(s), 0 error(s), 1 left on base; Portland 5 - Chicago 4
TOP OF THE 7TH
Portland Philospher Kings batting - Pitching for Chicago Machine : LHP Abdul-Qadir bin Nasser
Batting: RHB Paco Arellano 0-0: Ball
1-0: Foul Ball, location: 2F
1-1: SINGLE (Groundball, 3D)
Batting: LHB Jeff Daniels 0-0: Ball
1-0: Ball
2-0: 2-RUN HOME RUN (Flyball, 9D), Distance : 464 ft
Pitching: RHP César Menéndez
Batting: SHB José Alomar 0-0: Foul Ball, location: 2F
0-1: Ball
1-1: Swinging Strike
1-2: Foul Ball, location: 2F
1-2: Strikes out swinging
Batting: RHB Elpidio Martinho 0-0: Ball
1-0: Called Strike
1-1: Called Strike
1-2: Ground out 6-3 (Groundball, 56)
Batting: LHB Tom Blake 0-0: Ball
1-0: Ball
2-0: Called Strike
2-1: Ball
3-1: SINGLE (Groundball, 4M)
Batting: RHB Germán Rosales 0-0: Ball
1-0: Foul Ball, location: 2F
1-1: Fielders Choice at 2nd, U4 (Groundball, 4M)
Top of the 7th over - 2 run(s), 3 hit(s), 0 error(s), 1 left on base; Portland 7 - Chicago 4
BOTTOM OF THE 7TH
Chicago Machine batting - Pitching for Portland Philospher Kings : LHP Edgardo Guzmán
Batting: LHB Eric Wheeler 0-0: Called Strike
0-1: Ball
1-1: Swinging Strike
1-2: Ground out 3-1 (Groundball, 34)
Batting: LHB Luis Espinoza 0-0: Ball
1-0: Foul Ball, location: 2F
1-1: Foul Ball, location: 2F
1-2: Fly out, F8 (Line Drive, 8LS)
Batting: LHB Bob Smith 0-0: Swinging Strike
0-1: Ball
1-1: Ball
2-1: Ground out 4-3 (Groundball, 4)
Bottom of the 7th over - 0 run(s), 0 hit(s), 0 error(s), 0 left on base; Portland 7 - Chicago 4
TOP OF THE 8TH
Portland Philospher Kings batting - Pitching for Chicago Machine : RHP César Menéndez
Batting: LHB Keith Beard 0-0: Ball
1-0: Foul Ball, location: 2F
1-1: Ball
2-1: SINGLE (Groundball, 5D)
Batting: LHB Bill Bertrand 0-0: Bunted foul
0-1: Called Strike
0-2: Grounds into double play, 6-4-3 (Groundball, 6M)
Batting: RHB Dani Vázquez 0-0: Fly out, F8 (Flyball, 8LM)
Top of the 8th over - 0 run(s), 1 hit(s), 0 error(s), 0 left on base; Portland 7 - Chicago 4
BOTTOM OF THE 8TH
Chicago Machine batting - Pitching for Portland Philospher Kings : LHP Edgardo Guzmán
Batting: LHB Marcos Vargas 0-0: Ball
1-0: SINGLE (Flyball, 5L)
Pitching: LHP Yu-shu Kong
Batting: RHB Roberto Cardona 0-0: Called Strike
0-1: Fly out, F8 (Line Drive, 8LS)
Pitching: RHP Luis López
Batting: RHB Fabrice Brodeur 0-0: Called Strike
0-1: Swinging Strike
Marcos Vargas is caught stealing 2nd base
0-2: Ball
1-2: DOUBLE (Line Drive, 9D)
Batting: RHB Rick Ayliffe 0-0: Ground out 6-3 (Groundball, 56)
Bottom of the 8th over - 0 run(s), 2 hit(s), 0 error(s), 1 left on base; Portland 7 - Chicago 4
TOP OF THE 9TH
Portland Philospher Kings batting - Pitching for Chicago Machine : RHP César Menéndez
Batting: RHB Paco Arellano 0-0: Ball
1-0: Fly out, F8 (Line Drive, 8LS)
Pitching: RHP José García
Batting: LHB Jeff Daniels 0-0: Ball
1-0: Ground out U3 (Groundball, 3)
Batting: SHB José Alomar 0-0: Called Strike
0-1: Foul Ball, location: 2F
0-2: Ball
1-2: Ground out 6-3 (Groundball, 6)
Top of the 9th over - 0 run(s), 0 hit(s), 0 error(s), 0 left on base; Portland 7 - Chicago 4
BOTTOM OF THE 9TH
Chicago Machine batting - Pitching for Portland Philospher Kings : RHP Luis López
Pitching: RHP Juan Gonzáles
Batting: LHB Francisco Vega 0-0: Ball
1-0: Ball
2-0: Ball
3-0: Base on Balls
Batting: SHB Joaquín López 0-0: Ball
1-0: Fielders Choice at 2nd, 4-6 (Groundball, 4MD)
Batting: LHB Eric Wheeler 0-0: Foul Ball, location: 2F
0-1: Ball
1-1: Ball
2-1: Foul Ball, location: 2F
2-2: Ball
3-2: SINGLE (Groundball, 34D)
Joaquín López to second
Joaquín López to third
Batting: LHB Luis Espinoza 0-0: SINGLE (Flyball, 8LS)
Joaquín López scores
Eric Wheeler to second
Batting: LHB Bob Smith 0-0: Swinging Strike
0-1: Ball
1-1: Called Strike
1-2: Foul Ball, location: 2F
1-2: Ball
2-2: Ball
3-2: Foul Ball, location: 2F
3-2: Strikes out swinging
Batting: LHB Marcos Vargas 0-0: Called Strike
0-1: Swinging Strike
0-2: Ground out 1-3 (Groundball, 25)
Bottom of the 9th over - 1 run(s), 2 hit(s), 0 error(s), 2 left on base; Portland 7 - Chicago 5
This league is powered by Out of the Park Baseball, the baseball management simulation game for PC, Mac and Linux
Saturday, April 9th, 2016 - OOTP Baseball 16.8 Build 38